 Dungeon Crawl Stone Soup version 0.23-a0-130-g0e7800e (webtiles) character file.

10424 CanOfBees the Summoner (level 11, -7/66 HPs)
             Began as a Deep Elf Summoner on Aug 27, 2018.
             Was an Elder of Sif Muna.
             Mangled by a guardian serpent (22 damage)
             ... on level 4 of the Lair of Beasts.
             The game lasted 00:53:08 (27859 turns).

CanOfBees the Summoner (Deep Elf Summoner)         Turns: 27859, Time: 00:53:08

Health: -7/66      AC:  8    Str:  5    XL:     11   Next: 36%
Magic:  9/27       EV: 12    Int: 24    God:    Sif Muna [****..]
Gold:   883        SH:  5    Dex: 15    Spells: 14/31 levels left

rFire    + . .     SeeInvis .   G - +0 trident
rCold    + + .     Gourm    .   A - +0 buckler
rNeg     . . .     Faith    .   P - +1 leather armour {rC+}
rPois    +         Spirit   .   B - +0 helmet
rElec    +         Reflect  .   (no cloak)
rCorr    +         Harm     .   N - +1 pair of gloves
MR       +....                  t - +0 pair of boots
Stlth    ++........             I - amulet of regeneration
HPRegen  0.61/turn              p - ring of wizardry
MPRegen  0.20/turn              L - ring of poison resistance

@: lethally poisoned (-7 -> -7), resistant
A: no striking features
a: Divine Energy, Channel Magic, Forget Spell, Renounce Religion


You were on level 4 of the Lair of Beasts.
You worshipped Sif Muna.
Sif Muna was greatly pleased with you.
You were not hungry.

You visited 2 branches of the dungeon, and saw 14 of its levels.

You collected 883 gold pieces.

Inventory:

Hand Weapons
 x - a +4 short sword of freezing
 G - a +0 trident (weapon)
Missiles
 i - 113 arrows
 w - 6 throwing nets (quivered)
Armour
 t - a +0 pair of boots (worn)
 A - a +0 buckler (worn)
 B - a +0 helmet (worn)
 N - a +1 pair of gloves (worn)
 P - a +1 leather armour of cold resistance (worn)
Magical Staves
 h - an uncursed staff of air
Jewellery
 p - a ring of wizardry (left hand)
 I - an amulet of regeneration (around neck)
 L - a ring of poison resistance (right hand)
Wands
 a - a wand of iceblast (7)
 n - a wand of polymorph (28)
 D - a wand of acid (3)
 E - a wand of flame (37)
 K - a wand of scattershot (7)
 Q - a wand of disintegration (14)
Scrolls
 b - 2 scrolls of immolation
 f - 8 scrolls of amnesia
 g - 2 scrolls of noise
 k - 9 scrolls of remove curse
 o - a scroll of teleportation
 v - 4 scrolls of magic mapping
 C - a scroll of enchant weapon {unknown}
 H - a scroll of vulnerability
 J - a scroll of enchant armour {unknown}
 O - a scroll of fear {unknown}
 R - a scroll of blinking {unknown}
Potions
 e - 3 potions of might
 j - 3 potions of flight
 q - 2 potions of ambrosia
 r - a potion of brilliance
 u - a potion of mutation
 z - 3 potions of lignification
 F - 6 potions of curing
 M - a potion of magic {unknown}
 S - a potion of haste
Comestibles
 c - 19 rations


   Skills:
 + Level 6.5 Fighting
 - Level 2.4 Dodging
 - Level 2.4 Stealth
 - Level 4.0 Shields
 + Level 10.6 Spellcasting
 + Level 3.0 Conjurations
 * Level 11.0 Summonings
 + Level 4.8 Air Magic
 - Level 8.0 Invocations


You had 14 spell levels left.
You knew the following spells:

 Your Spells              Type           Power        Failure   Level  Hunger
a - Summon Small Mammal   Summ           ####         1%          1    None
b - Call Imp              Summ           ######..     1%          2    None
c - Call Canine Familiar  Summ           ######..     1%          3    None
d - Summon Lightning Spi  Summ/Air       ######..     1%          4    None
e - Summon Ice Beast      Ice/Summ       #####...     3%          4    None
f - Mephitic Cloud        Conj/Pois/Air  ####....     3%          3    None

Your spell library contained the following spells:

 Spells                   Type           Power        Failure   Level  Hunger
 Poisonous Vapours        Pois/Air       ###...       1%          2    None
 Summon Guardian Golem    Hex/Summ       #####...     1%          3    None
 Conjure Flame            Conj/Fire      ###.....     5%          3    None
 Freezing Cloud           Conj/Ice/Air   ####......   83%         6    #####..
 Ring of Flames           Chrm/Fire      ##........   100%        7    #######


Dungeon Overview and Level Annotations

Branches:
Dungeon (10/15)            Temple (0/1) D:5            Lair (4/6) D:8
  Swamp (0/4) Lair:2          Orc (0/2) D:10
  Snake: Lair:2-4    Spider: Lair:2-4

Altars:
Cheibriados
Dithmenos
Okawaru
Ru
Sif Muna
Uskayaw
Vehumet
Wu Jian
Yredelemnul
The Shining One
Beogh


Message History

Unknown command.
Casting: Summon Ice Beast (safe; 3% risk of failure)
Confirm with . or Enter, or press ? or * to list all spells.
Okay, then.
Casting: Summon Ice Beast (safe; 3% risk of failure)
Confirm with . or Enter, or press ? or * to list all spells.
You feel sick. The spiny frog stings your ice beast!
The guardian serpent hits you but does no damage.
The rime drake bites your ice beast.
Your ice beast dies!
Your ice beast hits the spiny frog.
Your ice beast freezes the spiny frog!
The spiny frog seems to slow down.
The spiny frog misses something.
Your warg barely misses the guardian serpent.
You feel protected. The ice encasing you melts away.
You feel sick.
Your warg bites the guardian serpent but does no damage.
The guardian serpent hits you!!
You die...

.. .. .... .....
###.. #...
.....##...
..P....PP
.........
#.......### #..
#.......@.# P..P
..#.##k#S##.....
#. #....h.P....
...#..##..YPP.....
.......<..........
...###...#........
##...........
#....#.#....
#...##.##.##


You could see a guardian serpent, a rime drake, a friendly warg and a friendly
ice beast.

Vanquished Creatures
  A centaur (D:5)
  A water moccasin zombie (D:8)
  4 electric eels
  A howler monkey (D:6)
  A crimson imp (D:6)
  2 hounds
  A hound zombie (D:7)
  2 shadow imps
  A worm (D:4)
  2 leopard geckos
  3 orcs
  2 giant cockroaches
  2 goblins (D:2)
  A hobgoblin (D:2)
  A jackal (D:2)
  A quokka (D:4)
  2 bats
  2 frilled lizards
  2 rats
32 creatures vanquished.

Vanquished Creatures (collateral kills)
  Harold (D:9)
  2 two-headed ogres
  2 death yaks (Lair:3)
  Urug (Lair:3)
  3 black mambas
  A molten gargoyle (Lair:3)
  3 spiny frogs
  A rime drake (Lair:2)
  4 komodo dragons (Lair:1)
  Grinder (D:5)
  5 hippogriffs
  24 yaks
  A basilisk (Lair:2)
  Menkaure (D:5)
  Edmund (D:6)
  4 water moccasins
  3 porcupines
  11 orc warriors
  3 black bears
  2 sky beasts (D:9)
  2 phantoms
  6 ogres
  9 wolves (Lair:2)
  2 centaurs
  13 crocodiles
  A big kobold (Lair:3)
  7 bullfrogs
  Blork the orc (D:6)
  A wyvern skeleton (D:3)
  6 killer bees (D:8)
  3 howler monkeys
  An electric eel (D:10)
  5 crimson imps
  2 lava snakes (Lair:3)
  A bullfrog zombie (D:8)
  4 hounds
  10 orc priests
  A bullfrog skeleton (D:10)
  3 centaur skeletons
  13 orc wizards
  7 iguanas
  Ijyb (D:5)
  5 worker ants
  A killer bee zombie (D:10)
  A worker ant zombie (D:8)
  A howler monkey zombie (D:8)
  7 gnolls
  15 adders
  2 shadow imps
  An adder zombie (D:4)
  An adder skeleton (D:8)
  2 worms
  4 dart slugs
  17 leopard geckos
  61 orcs
  6 giant cockroaches
  2 gnoll zombies (D:4)
  8 goblins
  6 hobgoblins
  13 jackals
  4 quokkas
  4 bats
  11 frilled lizards
  A jackal skeleton (D:4)
  7 kobolds
  12 rats
  A fungus (Lair:2)
366 creatures vanquished.

Vanquished Creatures (others)
  An orc (D:10)
  A fungus (Lair:3)
  A plant (Lair:4)
3 creatures vanquished.

Grand Total: 401 creatures vanquished

Notes
Turn   | Place    | Note
-------+----------+-------------------------------------------
     0 | D:1      | CanOfBees the Deep Elf Summoner began the quest for the
                  | Orb.
     0 | D:1      | Reached XP level 1. HP: 10/10 MP: 6/6
   420 | D:1      | Reached XP level 2. HP: 15/16 MP: 6/8
   428 | D:1      | Learned a level 2 spell: Call Imp
  1330 | D:1      | Reached skill level 5 in Summonings
  1459 | D:2      | Reached XP level 3. HP: 18/20 MP: 7/9
  1711 | D:2      | Reached skill level 1 in Fighting
  2000 | D:2      | Found an ornate altar of the Wu Jian Council.
  2284 | D:2      | Learned a level 3 spell: Call Canine Familiar
  2714 | D:2      | Reached XP level 4. HP: 25/25 MP: 11/11
  2735 | D:2      | Learned a level 4 spell: Summon Lightning Spire
  3223 | D:3      | Found an iron altar of Okawaru.
  3946 | D:4      | Reached XP level 5. HP: 21/29 MP: 5/13
  4116 | D:4      | Reached skill level 6 in Summonings
  4171 | D:3      | Found a deep blue altar of Sif Muna.
  4171 | D:3      | Found a glowing golden altar of the Shining One.
  4171 | D:3      | Found a sacrificial altar of Ru.
  4171 | D:3      | Found a radiant altar of Vehumet.
  4246 | D:3      | Became a worshipper of Sif Muna the Loreminder
  5065 | D:4      | Found a basalt altar of Yredelemnul.
  5509 | D:5      | Entered Level 5 of the Dungeon
  5598 | D:5      | Noticed Grinder
  5644 | D:5      | Paralysed by Grinder for 7 turns
  5651 | D:5      | Killed Grinder
  5651 | D:5      | Reached skill level 1 in Invocations
  5651 | D:5      | Reached XP level 6. HP: 18/35 MP: 9/15
  5964 | D:5      | Reached skill level 5 in Spellcasting
  6441 | D:5      | Found a snail-covered altar of Cheibriados.
  6548 | D:5      | Noticed Menkaure
  6558 | D:5      | Killed Menkaure
  6678 | D:5      | Noticed Ijyb
  6721 | D:5      | Reached skill level 1 in Air Magic
  6721 | D:5      | Reached XP level 7. HP: 29/40 MP: 6/17
  6732 | D:5      | Killed Ijyb
  7391 | D:5      | Found a staircase to the Ecumenical Temple.
  9615 | D:5      | Reached skill level 7 in Summonings
 10412 | D:6      | Noticed Edmund
 10447 | D:6      | Killed Edmund
 10654 | D:6      | Noticed Blork the orc
 10661 | D:6      | Killed Blork the orc
 10949 | D:6      | Learned a level 4 spell: Summon Ice Beast
 11095 | D:7      | Reached XP level 8. HP: 45/46 MP: 19/19
 11978 | D:8      | Reached skill level 1 in Shields
 12118 | D:8      | Found a staircase to the Lair.
 12341 | D:8      | Reached * piety under Sif Muna
 12783 | D:8      | Noticed a two-headed ogre
 12813 | D:8      | Killed a two-headed ogre
 13056 | D:8      | Reached skill level 8 in Summonings
 13071 | D:8      | Reached skill level 5 in Invocations
 13490 | D:8      | Reached XP level 9. HP: 45/52 MP: 18/22
 13544 | D:8      | Found a hide-covered altar of Uskayaw.
 14809 | D:9      | Noticed Harold
 15255 | D:9      | Reached ** piety under Sif Muna
 15267 | D:9      | Killed Harold
 16026 | D:9      | Found a roughly hewn altar of Beogh.
 16142 | D:9      | Found a shadowy altar of Dithmenos.
 16551 | D:10     | Entered Level 10 of the Dungeon
 16966 | D:10     | Noticed a two-headed ogre
 16984 | D:10     | Killed a two-headed ogre
 16984 | D:10     | Reached skill level 5 in Fighting
 17392 | D:10     | Reached skill level 9 in Summonings
 18884 | D:10     | Reached XP level 10. HP: 59/59 MP: 23/25
 20203 | D:10     | Found a staircase to the Orcish Mines.
 20555 | Lair:1   | Entered Level 1 of the Lair of Beasts
 20874 | Lair:1   | Noticed a spiny frog
 20882 | Lair:1   | Killed a spiny frog
 21733 | Lair:1   | Reached *** piety under Sif Muna
 21945 | Lair:1   | Noticed a black mamba
 21956 | Lair:1   | Killed a black mamba
 22112 | Lair:1   | Noticed a spiny frog
 22138 | Lair:1   | Reached skill level 10 in Summonings
 22157 | Lair:1   | Killed a spiny frog
 22347 | Lair:1   | Reached skill level 10 in Spellcasting
 22371 | Lair:1   | Learned a level 3 spell: Mephitic Cloud
 23071 | Lair:2   | Reached skill level 1 in Conjurations
 23625 | Lair:2   | Noticed a black mamba
 23637 | Lair:2   | Killed a black mamba
 23971 | Lair:2   | Found a staircase to the Swamp.
 24405 | Lair:3   | Noticed Urug
 24448 | Lair:3   | Noticed a spiny frog
 24462 | Lair:3   | Killed a spiny frog
 24604 | Lair:3   | Reached XP level 11. HP: 58/64 MP: 17/27
 25265 | Lair:3   | Killed Urug
 26271 | Lair:3   | Reached **** piety under Sif Muna
 27117 | Lair:4   | Noticed a death yak
 27117 | Lair:4   | Noticed a death yak
 27117 | Lair:4   | Noticed a death yak
 27117 | Lair:4   | Noticed a death yak
 27579 | Lair:3   | Killed a death yak
 27579 | Lair:3   | Reached skill level 11 in Summonings
 27609 | Lair:3   | Killed a death yak
 27859 | Lair:4   | Mangled by a guardian serpent

Vault maps used:
D:1:      ncdulo_lavacross
D:2:      overflow_temple_1_default, first_ration
D:3:      grunt_temple_overflow_open, okawaru_ov_weapons_minmay
D:4:      lemuel_zombie_altar_yredelemnul
D:5:      minmay_temple_entry_enclosed_plants, nrook_mini_backslash,
          minmay_misc_feat_encased, kennysheep_slug_shrine, uniq_ijyb,
          uniq_menkaure, uniq_grinder
D:6:      uniq_blork_the_orc, uniq_edmund
D:8:      lemuel_coloured_pillars_altar, lair_entry_dummy, kennysheep_dice
D:9:      special_room, grunt_ogre_cave,
          nicolae_dithmenos_through_a_glass_darkly, uniq_harold
D:10:     erik_orc_2, enter_bailey_3
Lair:1:   grunt_megastairs_1
Lair:2:   swamp_mist
Lair:3:   lemuel_reptile_caves, uniq_urug
Lair:4:   minmay_snake_entry_spellcaster

Skill      XL: |  1  2  3  4  5  6  7  8  9 10 11 |
---------------+----------------------------------+-----
Summonings     | 5 6 7 8 9 10 11 | 11.0
Fighting       | 1 2 3 4 5 6 |  6.5
Spellcasting   | 4 5 6 7 9 10 | 10.6
Invocations    | 1 2 3 5 6 7 8 |  8.0
Air Magic      | 1 2 4 |  4.8
Shields        | 2 4 |  4.0
Conjurations   | 1 3 |  3.0
Dodging        | |  2.4
Stealth        | |  2.4

Action                   |  1- 3 |  4- 6 |  7- 9 | 10-12 || total
-------------------------+-------+-------+-------+-------++-------
Melee: Short sword       |     8 |       |     7 |       ||    15
       Dagger            |    26 |    16 |       |       ||    42
       Spear             |       |    58 |    97 |    27 ||   182
       Glaive            |       |       |    12 |       ||    12
       Trident           |       |       |       |     2 ||     2
 Cast: Summon Small Mamm |    16 |       |       |       ||    16
       Call Imp          |    36 |    52 |    82 |    11 ||   181
       Call Canine Famil |     2 |    17 |    48 |    17 ||    84
       Summon Lightning  |       |     1 |    28 |    41 ||    70
       Summon Ice Beast  |       |       |    26 |    93 ||   119
Evoke: Wand              |       |       |    18 |     5 ||    23
  Use: Scroll            |     3 |     5 |     9 |     4 ||    21
       Potion            |       |     1 |     2 |     4 ||     7
 Stab: Sleeping          |     2 |     1 |       |       ||     3
       Distracted        |       |     1 |     6 |     3 ||    10
  Eat: Chunk             |     7 |    12 |    22 |    18 ||    59
       Ration            |       |       |     6 |     3 ||     9
Armor: Robe              |     9 |       |       |       ||     9
       Leather armour    |    16 |    26 |    29 |    19 ||    90
Dodge: Dodged            |    66 |    85 |    86 |    50 ||   287
Block: Buckler           |       |       |    21 |    23 ||    44

Table legend:
 A = Non-vault XP
 B = Vault XP
 C = Vault XP percentage of total XP
 D = Non-vault monster count
 E = Vault monster count
 F = Vault count percentage of total count
                 A         B        C        D         E       F
            +---------+---------+-------+---------+---------+-------
      Total |   11474 |    3418 |  23.0 |     297 |     100 |  25.2
            +---------+---------+-------+---------+---------+-------
        D:1 |      37 |       0 |   0.0 |      27 |       0 |   0.0
        D:2 |      69 |       0 |   0.0 |      35 |       0 |   0.0
        D:3 |     114 |       0 |   0.0 |      26 |       0 |   0.0
        D:4 |      91 |       2 |   2.2 |      14 |       2 |  12.5
        D:5 |     326 |     237 |  42.1 |      17 |       4 |  19.0
        D:6 |     403 |     127 |  24.0 |      23 |       2 |   8.0
        D:7 |     182 |       0 |   0.0 |       9 |       0 |   0.0
        D:8 |    1242 |      47 |   3.6 |      34 |       2 |   5.6
        D:9 |     727 |     836 |  53.5 |      29 |      26 |  47.3
       D:10 |    1617 |     372 |  18.7 |      27 |      24 |  47.1
     Lair:1 |    1957 |     695 |  26.2 |      13 |       7 |  35.0
     Lair:2 |    1370 |       0 |   0.0 |      17 |       0 |   0.0
     Lair:3 |    3339 |    1102 |  24.8 |      26 |      33 |  55.9
            +---------+---------+-------+---------+---------+-------
